[Event "Team 45 45 League T75"]
[Site "Internet Chess Club"]
[Date "2018.01.20"]
[Round "5"]
[White "fireball"]
[Black "Bizzy-Ketty"]
[Result "1/2-1/2"]
[WhiteElo "1607"]
[BlackElo "1579"]
[Opening "Sicilian: Smith-Morra gambit"]
[ECO "B21"]
[Time "13:01:25"]
[TimeControl "2700+45"]

1. e4 c5 2. d4 cxd4 3. c3 Nf6 4. Qxd4 Nc6 5. Qa4 g6 6. Nf3 Bg7 7. Bc4 O-O 8. Qc2
d6 9. h3 e6 10. O-O b6 11. Rd1 Qe7 12. Bf4 Rd8 13. Na3 a6 14. Bd3 b5 15. Qe2 Bb7
16. Nc2 Rac8 17. a4 bxa4 18. Rxa4 a5 19. Be3 Nd7 20. Ncd4 Nxd4 21. Nxd4 Ra8 22.
Nb3 Bc6 23. Rxa5 Ba4 24. Rxa8 Rxa8 25. Bc2 Rb8 26. Qc4 Bxb3 27. Bxb3 Ne5 28. Qa4
Qb7 29. Ba2 Ra8 30. Qb3 Qxb3 31. Bxb3 Rb8 32. Ba4 Nc4 33. b3 Nxe3 34. fxe3 Be5
35. Kf2 Rb6 36. Rc1 Kf8 37. b4 Ke7 38. b5 Kd7 39. c4 h6 40. c5 dxc5 41. Rxc5 Bd6
42. Rc1 Be5 43. Ke2 Bg3 44. Rf1 Ke7 45. Kf3 Be5 46. g4 Kd7 47. Rd1+ Kc7 48. Ke2
f6 49. Rc1+ Kd7 50. Kd3 Bd6 51. Kc4 Ke7 52. Bc2 Kd7 53. e5 Bxe5 54. Bxg6 Bd6 55.
Be4 Kd8 56. Bc6 Kc7 57. Ra1 Rb8 58. Ra7+ Kb6 59. Rd7 Bc5 60. e4 Be3 61. Rd6 Bg5
62. Rxe6 Bh4 63. Bd5+ Kc7 64. Rc6+ Kd7 65. Be6+ Ke7 66. Bf5 Kd8 67. b6 Bf2 68.
Kb5 Bh4 69. Ka6 Ra8+ 70. Kb7 Ra3 71. Rc8+ Ke7 72. Rc7+ Kd8 73. Rd7+ Ke8 74. Kc8
Ra8+ 75. Kb7 Ra3 76. Kb8 Bg3+ 77. Kb7 Bh4 {Game drawn by repetition} 1/2-1/2

[Event "Team 45 45 League T75"]
[Site "Internet Chess Club"]
[Date "2018.01.20"]
[Round "5"]
[White "mongmong"]
[Black "Skeptic1972"]
[Result "1-0"]
[WhiteElo "1449"]
[BlackElo "1429"]
[Opening "Queen's pawn: Yusupov-Rubinstein system"]
[ECO "A46"]
[Time "14:03:11"]
[TimeControl "2700+45"]

1. d4 Nf6 2. Nf3 e6 3. e3 Be7 4. Bd3 d5 5. Nbd2 O-O 6. O-O Nbd7 7. b3 c5 8. Bb2
cxd4 9. exd4 Re8 10. c4 Nf8 11. Qe2 Bd7 12. Ne5 Rc8 13. Nxd7 Qxd7 14. Nf3 Qc7
15. Rfc1 Qf4 16. g3 Qg4 17. Kg2 Bd6 18. h3 Qh5 19. Rc2 dxc4 20. bxc4 Ng6 21. Bc1
Qa5 22. c5 Bb8 23. Bd2 Qd8 24. Be3 Nd5 25. Rb1 Nxe3+ 26. Qxe3 e5 27. Bxg6 hxg6
28. Rxb7 Qd5 29. Qb3 Qxb3 30. axb3 exd4 31. Nxd4 Be5 32. Nf3 Bb8 33. c6 Rc7 34.
b4 Rec8 35. Rxc7 Bxc7 36. Ra2 Bb6 37. b5 f6 38. Nd2 Kf7 39. Nc4 Ke6 40. Nxb6
axb6 41. Ra7 Kd5 42. Rxg7 g5 43. Rg6 Ke5 44. Rg7 Kd6 45. Rf7 Ke5 46. Rd7 Ke6 47.
Rb7 Kd5 48. Rxb6 Kc5 49. Rb7 {Black resigns} 1-0

[Event "Team 45 45 League T75"]
[Site "Internet Chess Club"]
[Date "2018.01.21"]
[Round "5"]
[White "armand068new"]
[Black "tuotuo123"]
[Result "1-0"]
[WhiteElo "1741"]
[BlackElo "1536"]
[Opening "Grünfeld: exchange variation"]
[ECO "D85"]
[Time "18:04:08"]
[TimeControl "2700+45"]

1. d4 Nf6 2. c4 g6 3. Nc3 d5 4. cxd5 Nxd5 5. Bd2 Bg7 6. e4 Nb6 7. Be3 O-O 8. Qd2
e5 9. d5 c6 10. d6 Be6 11. O-O-O f5 12. Bg5 Bf6 13. h4 Nc4 14. Bxc4 Bxc4 15. d7
Be6 16. Bxf6 Rxf6 17. Nf3 Qxd7 18. Qg5 Qe7 19. h5 Qf8 20. hxg6 Rxg6 21. Qh4 Kf7
22. Nxe5+ Ke8 23. Rd8# {Black checkmated} 1-0

[Event "Team 45 45 League T75"]
[Site "Internet Chess Club"]
[Date "2018.01.18"]
[Round "5"]
[White "kwen2008"]
[Black "VictorRed"]
[Result "0-1"]
[WhiteElo "1498"]
[BlackElo "1744"]
[Opening "French: Winawer (Nimzovich) variation"]
[ECO "C15"]
[Time "19:31:16"]
[TimeControl "2700+45"]

1. e4 e6 2. d4 d5 3. Nc3 Bb4 4. exd5 exd5 5. Bd2 Nf6 6. Nf3 O-O 7. Be2 Ne4 8.
Nxe4 dxe4 9. Bxb4 exf3 10. Bxf3 Re8+ 11. Be2 Nc6 12. Bc3 Re4 13. O-O Nxd4 14.
Bd3 Rf4 15. g3 Bg4 16. Qc1 Nf3+ 17. Kh1 Ng5 18. Qxf4 Bf3+ 19. Qxf3 Nxf3 20. Be4
Ng5 21. Bxb7 Rb8 22. Bg2 Qd6 23. Rad1 Qe7 24. Rfe1 Ne6 25. Bd5 Rd8 26. Bxe6 fxe6
27. Kg1 Rf8 28. a3 Qf7 29. Re2 Qf3 30. Red2 h5 31. Bb4 Rf7 32. Bc3 g5 33. Rd8+
Kh7 34. Rh8+ Kg6 35. Rg8+ Kf5 36. Re1 Kg4 37. Bd4 Kh3 38. Kf1 Qg2+ 39. Ke2 Qe4+
40. Be3 Rxf2+ 41. Kxf2 Qg2# {White checkmated} 0-1

[Event "Team 45 45 League T75"]
[Site "Internet Chess Club"]
[Date "2018.01.21"]
[Round "5"]
[White "drsigmund1"]
[Black "dinosaurchess"]
[Result "1-0"]
[WhiteElo "1488"]
[BlackElo "1344"]
[Opening "Queen's pawn: London system"]
[ECO "A45"]
[Time "19:05:56"]
[TimeControl "2700+45"]

1. d4 Nf6 2. Bf4 g6 3. Nc3 d5 4. Qd2 h6 5. O-O-O Bg7 6. Nf3 O-O 7. Bxh6 Ng4 8.
Bxg7 Kxg7 9. e4 dxe4 10. Nxe4 Bf5 11. Ng3 Qd5 12. Nxf5+ Qxf5 13. h3 Nf6 14. Bd3
Qd5 15. c4 Qd7 16. d5 Rd8 17. h4 Rh8 18. h5 Nxh5 19. Ne5 Qc8 20. g4 Nf6 21. Qc3
Rxh1 22. Rxh1 Nbd7 23. Nxg6 fxg6 24. g5 Qf8 25. Rh6 Kf7 26. Bxg6+ Kg8 27. Qh3
Qg7 28. gxf6 Nxf6 29. Bf5 Qg1+ 30. Kc2 Qxf2+ 31. Kb3 Qb6+ 32. Kc3 Qa5+ 33. Kc2
Qa4+ 34. Kd2 Qb4+ 35. Kd3 Rf8 36. Qg3+ Ng4 37. Qxg4+ Kf7 38. Qg6# {Black
checkmated} 1-0

[Event "Team 45 45 League T75"]
[Site "Internet Chess Club"]
[Date "2018.01.20"]
[Round "5"]
[White "skywise"]
[Black "Andressa"]
[Result "1-0"]
[WhiteElo "1615"]
[BlackElo "1409"]
[Opening "Ruy Lopez: Berlin defense, 4.O-O, d6"]
[ECO "C66"]
[Time "17:03:22"]
[TimeControl "2700+45"]

1. e4 e5 2. Nf3 Nc6 3. Bb5 d6 4. O-O Nf6 5. d4 exd4 6. Nxd4 Bd7 7. Nxc6 bxc6 8.
Ba4 Be7 9. Nc3 O-O 10. h3 Re8 11. Be3 h6 12. Qf3 Nh7 13. Rad1 Ng5 14. Qh5 Bf8
15. Bb3 Be6 16. h4 g6 17. Qe2 Nh7 18. Ba4 Bd7 19. g3 Nf6 20. Bf4 Qe7 21. Rfe1
Rac8 22. Qa6 Ra8 23. Bxc6 Bxc6 24. Qxc6 Nh5 25. Be3 Bg7 26. Bd4 Nf6 27. Bxf6
Bxf6 28. Nd5 Qe5 29. c3 Rac8 30. f4 Qe6 31. Kg2 Bd8 32. f5 Qe5 33. Qb7 Bf6 34.
Qxa7 c6 35. Nxf6+ Qxf6 36. Qd4 Qxd4 37. Rxd4 gxf5 38. Rxd6 fxe4 39. Rxh6 Kg7 40.
Rd6 c5 41. g4 Rb8 42. Re2 Ra8 43. a3 Re5 44. Kg3 Rae8 45. Kf4 f6 46. h5 Kf7 47.
Rd1 Rg8 48. Rde1 Rge8 49. Rxe4 Rxe4+ 50. Rxe4 {Black resigns} 1-0

[Event "Team 45 45 League T75"]
[Site "Internet Chess Club"]
[Date "2018.01.20"]
[Round "5"]
[White "elessar"]
[Black "Egmont"]
[Result "0-1"]
[WhiteElo "1591"]
[BlackElo "1696"]
[Opening "Queen's pawn, Mason variation"]
[ECO "D00"]
[Time "10:00:41"]
[TimeControl "2700+45"]

1. d4 d5 2. Bf4 Nf6 3. e3 c5 4. c3 Qb6 5. Qb3 c4 6. Qc2 Nc6 7. Nd2 Bg4 8. b3
cxb3 9. axb3 e6 10. h3 Bf5 11. Bd3 Bxd3 12. Qxd3 Be7 13. Ngf3 O-O 14. O-O Rfc8
15. c4 dxc4 16. bxc4 Nb4 17. Qe2 a5 18. Rfb1 Qa6 19. Qd1 b5 20. cxb5 Qxb5 21.
Rc1 Nfd5 22. Rxc8+ Rxc8 23. Bg3 Nc3 24. Qf1 Qxf1+ 25. Kxf1 a4 26. Ne1 Nca2 27.
Ke2 Nc3+ 28. Kf3 f5 29. Be5 Nca2 30. d5 exd5 31. Ke2 Rc1 32. Nd3 Rxa1 33. Bxa1
Nc2 34. Be5 a3 35. Nb3 Nab4 36. Nxb4 Nxb4 37. Kd2 Kf7 38. Bc3 g5 39. Kc1 Nd3+
40. Kd2 Nxf2 41. Kc2 Ne4 42. Ba1 h5 43. Nd4 Kg6 44. Kb3 Nd2+ 45. Ka2 Nc4 46. Nc2
Bc5 47. Bd4 Bxd4 48. exd4 f4 49. Nxa3 Nxa3 50. Kxa3 Kf5 51. Kb3 Ke4 52. Kc3 Ke3
{White resigns} 0-1

[Event "Team 45 45 League T75"]
[Site "Internet Chess Club"]
[Date "2018.01.22"]
[Round "5"]
[White "Goli"]
[Black "Hal2001"]
[Result "1-0"]
[WhiteElo "1703"]
[BlackElo "1530"]
[Opening "Robatsch (modern) defense"]
[ECO "B06"]
[Time "13:13:23"]
[TimeControl "2700+45"]

1. e4 g6 2. d4 Bg7 3. Nf3 c5 4. c3 cxd4 5. cxd4 d5 6. e5 Bg4 7. Be2 Bxf3 8. Bxf3
Nh6 9. Nc3 e6 10. g4 a6 11. Bg2 O-O 12. h3 Nc6 13. Be3 f6 14. exf6 Qxf6 15. g5
Qf5 16. gxh6 Bxh6 17. O-O Bxe3 18. fxe3 Qg5 19. Rxf8+ Rxf8 20. Qe2 Rf6 21. Rf1
b5 22. Rxf6 Qxf6 23. Qf3 Qe7 24. Kf2 Nd8 25. e4 dxe4 26. Nxe4 Qh4+ 27. Ke2 Nf7
28. Qg3 Qd8 29. Qc3 a5 30. a3 Ng5 31. Qe3 Nf7 32. Nc5 {Black resigns} 1-0

[Event "Team 45 45 League T75"]
[Site "Internet Chess Club"]
[Date "2018.01.20"]
[Round "5"]
[White "Constrictor"]
[Black "AVEMARIA"]
[Result "1-0"]
[WhiteElo "1583"]
[BlackElo "1600"]
[Opening "Nimzovich-Larsen attack: modern variation"]
[ECO "A01"]
[Time "11:00:49"]
[TimeControl "2700+45"]

1. b3 e5 2. Bb2 Nc6 3. e3 Nf6 4. Nf3 d6 5. Bb5 Bd7 6. O-O Be7 7. Be2 O-O 8. c4
Re8 9. d3 h6 10. Nbd2 Bf5 11. e4 Bh7 12. h3 a5 13. Ne1 Bf8 14. Nc2 Nd7 15. Ne3
Ne7 16. f4 exf4 17. Rxf4 Ng6 18. Rf2 Nge5 19. Ng4 c6 20. Qf1 f6 21. Ne3 Qb6 22.
Nc2 Nf7 23. Bd4 c5 24. Bc3 Qc6 25. Bh5 Re7 26. Ne3 g6 27. Be2 Bg7 28. Nd5 Re6
29. Bg4 f5 30. exf5 gxf5 31. Bxf5 Bxc3 32. Bxe6 Bd4 33. Ne7+ {Black resigns} 1-0

[Event "Team 45 45 League T75"]
[Site "Internet Chess Club"]
[Date "2018.01.19"]
[Round "5"]
[White "julesraider"]
[Black "Gilguli"]
[Result "1-0"]
[WhiteElo "1518"]
[BlackElo "1330"]
[Opening "QGD: Albin counter-gambit"]
[ECO "D08"]
[Time "11:01:18"]
[TimeControl "2700+45"]

1. d4 d5 2. c4 e5 3. dxe5 d4 4. Nf3 Nc6 5. a3 Bg4 6. Nbd2 Nge7 7. h3 Bh5 8. b4
d3 9. exd3 Nxe5 10. d4 Nxf3+ 11. Nxf3 Bxf3 12. gxf3 Nc6 13. Bb2 Qd7 14. d5 Ne7
15. h4 O-O-O 16. Bh3 f5 17. Qd3 Re8 18. O-O-O Rg8 19. c5 g6 20. f4 Bh6 21. Be5
Rd8 22. c6 Nxc6 23. Qc3 Nxe5 24. Qxe5 Rde8 25. Qd4 Qa4 26. Rd3 Re4 27. Qc5 Bxf4+
28. Kb1 Bd6 29. Qc2 Rge8 30. Qxa4 {Black resigns} 1-0

[Event "Team 45 45 League T75"]
[Site "Internet Chess Club"]
[Date "2018.01.21"]
[Round "5"]
[White "krysto"]
[Black "kllrchris"]
[Result "0-1"]
[WhiteElo "1564"]
[BlackElo "1721"]
[Opening "King's Indian: orthodox, Aronin-Taimanov variation (Yugoslav attack / Mar del Plata variation)"]
[ECO "E97"]
[Time "20:06:55"]
[TimeControl "2700+45"]

1. d4 Nf6 2. c4 g6 3. Nc3 Bg7 4. e4 d6 5. Nf3 O-O 6. Be2 e5 7. O-O Nc6 8. d5 Ne7
9. Rb1 a5 10. a3 a4 11. Ne1 Nd7 12. Nxa4 f5 13. f3 f4 14. Nd3 b6 15. b4 g5 16.
c5 Nf6 17. cxb6 cxb6 18. b5 h5 19. h3 g4 20. hxg4 hxg4 21. fxg4 Nxe4 22. Nb4 Ng3
23. Nc6 Nxc6 24. dxc6 Rxa4 25. Bc4+ Rxc4 26. Qd5+ Kh8 27. Qxc4 Qh4 28. Bb2 Bxg4
29. Rfc1 f3 30. Kf2 Nf5+ 31. g3 Qxg3+ {White resigns} 0-1

[Event "Team 45 45 League T75"]
[Site "Internet Chess Club"]
[Date "2018.01.20"]
[Round "5"]
[White "WillC"]
[Black "scostanzo212"]
[Result "1-0"]
[WhiteElo "1754"]
[BlackElo "1473"]
[Opening "English: symmetrical variation"]
[ECO "A30"]
[Time "10:05:23"]
[TimeControl "2700+45"]

1. c4 c5 2. g3 Nc6 3. Bg2 Nf6 4. Nc3 g6 5. d3 Bg7 6. e4 d6 7. Nge2 O-O 8. O-O
Bd7 9. h3 Qc8 10. Kh2 Ne8 11. f4 Nc7 12. Be3 Rb8 13. e5 b5 14. Nd5 bxc4 15. dxc4
Rxb2 16. Bc1 Rb8 17. Ba3 Re8 18. Rc1 Nb4 19. Nxb4 cxb4 20. Bb2 dxe5 21. fxe5 Ne6
22. Qc2 Bc6 23. Nf4 Bxg2 24. Qxg2 Bh6 25. Rc2 Nxf4 26. gxf4 Qf5 27. Qf2 b3 28.
axb3 Rxb3 29. Rc3 Reb8 30. Ba1 Rb1 31. Kg3 Rxf1 32. Qxf1 Rb1 33. Rc1 Rxc1 34.
Qxc1 Qd3+ 35. Kg2 Qe4+ 36. Kg3 Qd3+ 37. Kg2 Qd7 38. c5 Qc6+ 39. Kg3 e6 40. Bd4
Bf8 41. Qa3 a6 42. Qb4 Be7 43. Qb6 Qa4 44. c6 Qa3+ 45. Be3 h5 46. h4 Qa1 47. c7
Qe1+ 48. Bf2 Qc3+ 49. Kg2 Kg7 50. Qb7 Bxh4 51. c8=Q Qd2 52. Qf3 Bxf2 53. Qxf2
Qd5+ 54. Kh2 a5 55. Qcc5 {Black resigns} 1-0

[Event "Team 45 45 League T75"]
[Site "Internet Chess Club"]
[Date "2018.01.19"]
[Round "5"]
[White "Arthurhon"]
[Black "Mitochondria"]
[Result "1-0"]
[WhiteElo "1451"]
[BlackElo "1495"]
[Opening "King's Indian, 3.Nf3"]
[ECO "E60"]
[Time "20:07:51"]
[TimeControl "2700+45"]

1. d4 Nf6 2. Nf3 g6 3. c4 Bg7 4. e3 O-O 5. Be2 d6 6. O-O c5 7. b3 cxd4 8. Nxd4
Bd7 9. Bb2 Nc6 10. Nc3 Nxd4 11. Qxd4 Bc6 12. Qd2 Qa5 13. Rfd1 Qg5 14. g3 Qf5 15.
Rf1 Qa5 16. Qc2 Rac8 17. Rad1 Rfd8 18. a3 Qc7 19. Qd2 Nd7 20. Nd5 Bxd5 21. cxd5
Bxb2 22. Qxb2 Qb6 23. Rc1 Qa5 24. Rfd1 Qb6 25. Rc2 Rxc2 26. Qxc2 Qa5 27. a4 Nb6
28. Qc7 Rc8 29. Qxb7 Kf8 30. Rd4 Qe1+ 31. Kg2 Qxe2 32. Qxa7 Rc2 33. Rf4 Nxd5 34.
Qa8+ Kg7 35. Qxd5 e6 36. Qxd6 Rc1 37. Qd4+ Kg8 38. Qd8+ Kg7 39. Qf6+ {Black
resigns} 1-0

[Event "Team 45 45 League T75"]
[Site "Internet Chess Club"]
[Date "2018.01.19"]
[Round "5"]
[White "Scorpius"]
[Black "Pawnchain"]
[Result "0-1"]
[WhiteElo "1289"]
[BlackElo "1425"]
[Opening "KP: Nimzovich defense"]
[ECO "B00"]
[Time "17:05:36"]
[TimeControl "2700+45"]

1. e4 Nc6 2. Nf3 d5 3. exd5 Qxd5 4. Nc3 Qd8 5. d4 Bg4 6. d5 Ne5 7. Be2 Bxf3 8.
Bxf3 Nxf3+ 9. Qxf3 Nf6 10. O-O Qd7 11. Bg5 h6 12. Bh4 a6 13. Rad1 O-O-O 14. Rd2
g5 15. Bg3 g4 16. Qd3 Bg7 17. Rfd1 h5 18. Ne4 h4 19. Nc5 Qb5 20. Qxb5 axb5 21.
Be5 Rh5 22. Bxf6 Bxf6 23. b3 g3 24. hxg3 hxg3 25. fxg3 b6 26. Ne4 Be5 27. Rf2 f5
28. Nc3 Bxc3 29. Rd3 Bb4 30. Kf1 Rh1+ 31. Ke2 Re1+ 32. Kf3 Bd6 33. c4 Rg8 34. g4
fxg4# {White checkmated} 0-1

[Event "Team 45 45 League T75"]
[Site "Internet Chess Club"]
[Date "2018.01.21"]
[Round "5"]
[White "Littlemon"]
[Black "ILRE"]
[Result "1-0"]
[WhiteElo "1598"]
[BlackElo "1606"]
[Opening "QGD Slav defense: exchange variation"]
[ECO "D10"]
[Time "13:01:15"]
[TimeControl "2700+45"]

1. d4 d5 2. c4 c6 3. cxd5 cxd5 4. Bf4 Nf6 5. e3 Nc6 6. Nc3 e6 7. Bd3 a6 8. a3
Be7 9. Nf3 b5 10. O-O O-O 11. Rc1 Bb7 12. Nb1 Na5 13. Bc7 Qd7 14. Bxa5 Bd6 15.
Qd2 Rfe8 16. Bb4 Bb8 17. Bc3 Ne4 18. Qc2 f5 19. Ne5 Qe7 20. f4 Bd6 21. Bxe4 dxe4
22. Qd2 Bd5 23. Bb4 Bxb4 24. Qxb4 Qh4 25. Nc3 Bb7 26. Ne2 a5 27. Qe1 Qe7 28. Qg3
Rf8 29. Rc5 b4 30. axb4 axb4 31. Rfc1 Rfc8 32. Rxc8+ Bxc8 33. Qg5 Qe8 34. Rc7
Ra1+ 35. Kf2 Qf8 36. Rf7 Qxf7 37. Nxf7 Kxf7 38. Qh5+ Kf8 39. Qxh7 Rc1 40. Nxc1
{Black resigns} 1-0

[Event "Team 45 45 League T75"]
[Site "Internet Chess Club"]
[Date "2018.01.19"]
[Round "5"]
[White "PolishRyszard"]
[Black "jjmolina"]
[Result "1/2-1/2"]
[WhiteElo "1803"]
[BlackElo "1744"]
[Opening "Queen's pawn"]
[ECO "A40"]
[Time "15:01:07"]
[TimeControl "2700+45"]

1. d4 e6 2. Nf3 Nf6 3. g3 d5 4. Bg2 b6 5. c4 c6 6. O-O Ba6 7. Ne5 Be7 8. b3 O-O
9. Bb2 Nfd7 10. Nd2 Nxe5 11. dxe5 Nd7 12. Qc2 Rc8 13. Rac1 Bc5 14. e3 Qc7 15.
Qc3 Rfd8 16. Rfd1 Qb8 17. Bh3 Bb7 18. a3 Bf8 19. f4 Nc5 20. Bg2 a5 21. h4 Qa7
22. Kh2 Qb8 23. Qc2 Qa7 24. Ra1 Qb8 25. Bc3 Qc7 26. b4 Na6 27. Rab1 axb4 28.
axb4 Ra8 29. Qb3 Rdb8 30. Nf3 Qe7 31. cxd5 cxd5 32. Nd4 Rc8 33. Bf1 Nc7 34. Bd3
Ba6 35. b5 Bb7 36. Ra1 Qd7 37. Rxa8 Rxa8 38. Ra1 Rxa1 39. Bxa1 Bc5 40. Qc2 g6
41. Qa4 h5 42. Bb2 Kg7 43. Bc1 Bxd4 44. Qxd4 Nxb5 45. Qxb6 Nc3 46. Ba3 Ne4 47.
Qb4 Qc8 {Game drawn by mutual agreement} 1/2-1/2

[Event "Team 45 45 League T75"]
[Site "Internet Chess Club"]
[Date "2018.01.21"]
[Round "5"]
[White "limeinthecoke"]
[Black "cadmiumorange"]
[Result "1-0"]
[WhiteElo "1625"]
[BlackElo "1780"]
[Opening "English: Sicilian reversed"]
[ECO "A25"]
[Time "14:02:02"]
[TimeControl "2700+45"]

1. c4 Nc6 2. Nc3 e5 3. e3 g6 4. d4 Bg7 5. d5 Nce7 6. Nf3 d6 7. Be2 f5 8. O-O Nf6
9. b4 O-O 10. a3 h6 11. Bb2 g5 12. h3 Ng6 13. Nd2 {Black forfeits on time} 1-0

[Event "Team 45 45 League T75"]
[Site "Internet Chess Club"]
[Date "2018.01.19"]
[Round "5"]
[White "ChessRooklift"]
[Black "idjit"]
[Result "1/2-1/2"]
[WhiteElo "1676"]
[BlackElo "1600"]
[Opening "Queen's pawn game"]
[ECO "A46"]
[Time "19:01:53"]
[TimeControl "2700+45"]

1. d4 Nf6 2. Nf3 e6 3. h4 c5 4. c3 Nc6 5. h5 d5 6. h6 Qb6 7. e3 Bd7 8. Bd3 O-O-O
9. Nbd2 g6 10. Rh4 Qc7 11. dxc5 Bxc5 12. b4 Be7 13. b5 Ne5 14. Nxe5 Qxe5 15. Bb2
Kb8 16. Qe2 Ne4 17. Nf3 Qc7 18. c4 Bxh4 19. Be5 Bxf2+ 20. Qxf2 Nxf2 21. Kxf2
dxc4 22. Bxc7+ Kxc7 23. Bxc4 b6 24. a4 f6 25. Rc1 Kd6 26. Bb3 e5 27. Nd2 Rhf8
28. Ne4+ Ke7 29. Rc7 a5 30. bxa6 Ra8 31. a7 Kd8 32. Rb7 Bc6 33. Rxh7 Bxe4 34.
Rg7 g5 35. Bg8 Ke8 36. h7 Bxh7 37. Bxh7 Rf7 38. Rg8+ Rf8 39. Rg7 Rf7 40. Rg8+
Rf8 41. Rg7 Rf7 {Game drawn by repetition} 1/2-1/2

[Event "Team 45 45 League T75"]
[Site "Internet Chess Club"]
[Date "2018.01.21"]
[Round "5"]
[White "Demachaeron"]
[Black "Konstantinos"]
[Result "1/2-1/2"]
[WhiteElo "1632"]
[BlackElo "1655"]
[Opening "QGD semi-Slav"]
[ECO "D43"]
[Time "14:51:00"]
[TimeControl "2700+45"]

1. d4 d5 2. c4 c6 3. Nf3 Nf6 4. Nc3 e6 5. Bg5 Be7 6. e3 b6 7. Rc1 O-O 8. Ne5 Bb7
9. cxd5 Nxd5 10. Bxe7 Qxe7 11. Bd3 Nd7 12. Nxd5 cxd5 13. Rc7 Qb4+ 14. Qd2 Qxd2+
15. Kxd2 Nxe5 16. dxe5 Bc8 17. Rhc1 a5 18. a4 Ba6 19. Bxa6 Rxa6 20. Rb7 g6 21.
Rc6 Raa8 22. Rbxb6 Rfb8 23. b3 Kf8 24. Kc3 Rxb6 25. Rxb6 Rc8+ 26. Kb2 Ra8 27.
Rc6 Ra7 28. Ka3 Ke8 29. Rc5 Kd7 30. b4 axb4+ 31. Kxb4 Rb7+ 32. Ka3 Rb1 33. Rc2
h5 34. h4 Kd8 35. a5 Ra1+ 36. Kb4 Rb1+ 37. Ka4 Ra1+ 38. Kb5 Rb1+ 39. Ka6 Kd7 40.
Ka7 Rb4 41. g3 Rb5 42. a6 Rb1 43. Rc3 Rb2 44. f4 Rb4 45. Ka8 Rb5 46. a7 Rb6 47.
Rd3 Kc7 48. e4 dxe4 49. Rd4 e3 50. Rc4+ Kd7 51. Rc3 e2 52. Re3 Rb2 53. Re4 Kc7
54. Re3 Kd7 55. Re4 {Game drawn by mutual agreement} 1/2-1/2

[Event "Team 45 45 League T75"]
[Site "Internet Chess Club"]
[Date "2018.01.22"]
[Round "5"]
[White "alegro"]
[Black "fishhead"]
[Result "0-1"]
[WhiteElo "1895"]
[BlackElo "1776"]
[Opening "Sicilian: Alapin's variation (2.c3)"]
[ECO "B22"]
[Time "12:07:41"]
[TimeControl "2700+45"]

1. e4 c5 2. c3 d6 3. d4 Qc7 4. Nf3 e6 5. Bd3 Be7 6. O-O Nd7 7. Na3 a6 8. Bf4 b5
9. Qe2 Ngf6 10. e5 Nd5 11. Bg3 Bb7 12. exd6 Bxd6 13. Bxb5 Bxg3 14. Bxd7+ Qxd7
15. hxg3 Rc8 16. c4 Ne7 17. Rfd1 cxd4 18. Nxd4 Qc7 19. b3 O-O 20. Nac2 e5 21.
Nf3 f6 22. Ne3 Qc5 23. Rd2 Bc6 24. Rad1 a5 25. Qd3 Bxf3 26. gxf3 Nc6 27. Qd5+
Qxd5 28. cxd5 Nd4 29. Kg2 a4 30. bxa4 Ra8 31. f4 Rxa4 32. fxe5 fxe5 33. Ng4 Nf3
34. Re2 Rxg4 35. Re3 e4 36. d6 Rd8 37. Rd5 Rg5 38. Rd1 Re5 39. Rc3 Ng5 40. Rc7
Nf7 41. d7 Kf8 42. Rd4 Ke7 43. f4 exf3+ 44. Kxf3 Re6 45. Kf4 Nd6 46. Ra4 Rf8+
47. Kg4 Rg6+ 48. Kh3 Rd8 49. Ra5 Rxd7 50. Re5+ Re6 {White resigns} 0-1

[Event "Team 45 45 League T75"]
[Site "Internet Chess Club"]
[Date "2018.01.21"]
[Round "5"]
[White "room-matt"]
[Black "janh"]
[Result "0-1"]
[WhiteElo "1779"]
[BlackElo "1918"]
[Opening "Scandinavian defense"]
[ECO "B01"]
[Time "10:36:01"]
[TimeControl "2700+45"]

1. e4 d5 2. exd5 Nf6 3. d4 Bg4 4. f3 Bf5 5. Bb5+ Nbd7 6. c4 a6 7. Bxd7+ Qxd7 8.
Ne2 c6 9. dxc6 Qxc6 10. b3 e6 11. O-O Be7 12. Re1 O-O 13. Bb2 Rfd8 14. Ng3 Bg6
15. Nd2 Rd7 16. Kh1 Rad8 17. Nde4 Ne8 18. Qd2 Qb6 19. Re2 h6 20. Rd1 Bb4 21. Qe3
e5 22. d5 Qxe3 23. Rxe3 f5 24. a3 Be7 25. Nc3 f4 26. Rxe5 fxg3 27. hxg3 Bd6 28.
Re2 Bxg3 29. Ne4 Bd6 30. Rde1 Bf8 31. g4 b5 32. f4 Bxe4+ 33. Rxe4 Nd6 34. Rd4
bxc4 35. bxc4 Rc7 36. Rc1 Rdc8 37. c5 Rxc5 38. Rxc5 Rxc5 39. a4 Rc4 40. Rxc4
Nxc4 41. Bd4 Bd6 42. f5 Ne5 43. Bxe5 Bxe5 44. Kg2 Kf7 45. Kf3 Ke7 46. Ke3 Kd6
47. Ke4 Bf6 48. Kd3 Kxd5 49. Ke3 Kc4 {White resigns} 0-1

[Event "Team 45 45 League T75"]
[Site "Internet Chess Club"]
[Date "2018.01.21"]
[Round "5"]
[White "Portola"]
[Black "zap2"]
[Result "0-1"]
[WhiteElo "1671"]
[BlackElo "1727"]
[Opening "Queen's pawn game"]
[ECO "A46"]
[Time "09:02:28"]
[TimeControl "2700+45"]

1. d4 Nf6 2. Nf3 e6 3. c3 c5 4. e3 cxd4 5. exd4 d5 6. Bg5 Be7 7. Nbd2 Nc6 8. Bd3
Bd7 9. O-O a6 10. a4 Rc8 11. Qe2 O-O 12. Rfe1 h6 13. Bf4 Qb6 14. Reb1 Ne8 15.
Nf1 Nd6 16. N1d2 Na5 17. Ne5 Be8 18. Qg4 g5 19. Qg3 f5 20. h4 Qd8 21. hxg5 hxg5
22. Bxg5 Bxg5 23. f4 Ne4 24. Nxe4 fxe4 25. Bc2 Rxf4 26. Rf1 Rxf1+ 27. Rxf1 Rc7
28. Rf4 Rg7 29. Rf1 Qe7 30. Bd1 Nc6 31. Nxc6 bxc6 32. Be2 c5 33. Bxa6 Bxa4 34.
Qb8+ Kh7 35. Rf8 Be3+ 36. Rf2 Qh4 37. Qf8 cxd4 38. cxd4 Bxd4 39. Kf1 Qh1+ 40.
Ke2 Qd1# {White checkmated} 0-1

[Event "Team 45 45 League T75"]
[Site "Internet Chess Club"]
[Date "2018.01.20"]
[Round "5"]
[White "LinceHispano44"]
[Black "QuieroAprender"]
[Result "1-0"]
[WhiteElo "1728"]
[BlackElo "1588"]
[Opening "King's Indian: fianchetto with ...Nd7"]
[ECO "E67"]
[Time "18:04:05"]
[TimeControl "2700+45"]

1. Nf3 Nf6 2. c4 g6 3. g3 Bg7 4. Bg2 d6 5. d4 Nbd7 6. Nc3 O-O 7. e4 Ne8 8. O-O
c5 9. Be3 b6 10. Re1 Bb7 11. d5 f5 12. Ng5 Nc7 13. Nb5 h6 14. Nxc7 Qxc7 15. Ne6
Qc8 16. Nxf8 Qxf8 17. Qc2 Qf6 18. Rab1 Rf8 19. exf5 gxf5 20. Bf4 Qg6 21. Rxe7
Bc8 22. Re6 Rf6 23. Bxd6 Rxe6 24. dxe6 Nf6 25. Re1 Ne4 26. Bxe4 fxe4 27. Qxe4
Qe8 28. b3 Bd4 29. Qg4+ Kh7 30. Qf5+ Kg8 31. Re4 {Black resigns} 1-0

[Event "Team 45 45 League T75"]
[Site "Internet Chess Club"]
[Date "2018.01.18"]
[Round "5"]
[White "Mitochondria"]
[Black "rubo"]
[Result "0-1"]
[WhiteElo "1515"]
[BlackElo "1579"]
[Opening "Budapest: Adler variation"]
[ECO "A52"]
[Time "20:00:44"]
[TimeControl "2700+45"]

1. d4 Nf6 2. c4 e5 3. dxe5 Ng4 4. Nf3 Bc5 5. e3 Nc6 6. Nc3 Ngxe5 7. Be2 d6 8.
O-O O-O 9. a3 a6 10. b4 Bb6 11. Bb2 Be6 12. Nd5 Nxf3+ 13. Bxf3 Bxd5 14. Bxd5 Qc8
15. Qh5 Ne7 16. Be4 Ng6 17. Rfd1 Rb8 18. Rac1 Qe6 19. Bc2 c6 20. Bb1 Rbd8 21.
Qg5 Qe7 22. Qg4 Qh4 23. Qe2 Bc7 24. Bxg6 fxg6 25. g3 Qe4 26. Rd4 Qf3 27. Qf1 Bb6
28. Rf4 Rxf4 29. exf4 Re8 30. Re1 Re4 31. Rxe4 Qxe4 32. b5 axb5 33. cxb5 c5 34.
Qd1 d5 35. Be5 c4 36. Qa1 d4 37. Qb2 Bc5 38. Qa2 Qd3 39. a4 Kf8 40. a5 Qb3 41.
Qd2 c3 42. Qd3 Qa4 43. a6 c2 44. Qd2 bxa6 45. bxa6 Qa1+ 46. Kg2 c1=Q 47. Qe2
Qh1+ 48. Kh3 Qaf1+ {White resigns} 0-1